 Dungeon Crawl Stone Soup version 0.31-a0-692-gf03d1854d5 (webtiles) character file.

Game seed: 3000494236608496001

133 qw the Shooter (level 5, -9/32 HPs)
             Began as a Gargoyle Hunter on Sept 6, 2023.
             Killed by divine providence
             ... invoked by an orc priest
              (11 damage)
             ... on level 5 of the Dungeon.
             The game lasted 00:00:46 (1736 turns).

qw the Shooter (Gargoyle Hunter)                    Turns: 1736, Time: 00:00:47

Health: -9/32      AC:  5    Str: 15    XL:     5   Next: 16%
Magic:  5/5        EV: 11    Int:  9    God:
Gold:   68         SH:  0    Dex: 15    Spells: 4/4 levels left

rFire   . . .        Y - +0 shortbow
rCold   . . .        (shield currently unavailable)
rNeg    + . .        d - +0 ring mail
rPois   inf          (no helmet)
rElec   +            (no cloak)
rCorr   .            (no gloves)
SInv    .            (no boots)
Will    .....        (no amulet)
Stlth   +            (no ring)
HPRegen 0.25/turn    (no ring)
MPRegen 0.09/turn

%: no passive effects
@: corroded
A: sickness immunity, AC +4, negative energy resistance 1, electricity
resistance, torment resistance 1, petrification resistance
a: no special abilities


You were on level 5 of the Dungeon.
You visited 1 branch of the dungeon, and saw 4 of its levels.

You collected 68 gold pieces.


Innate Abilities, Weirdness & Mutations

You are immune to sickness and miasma.
Your stone body is resilient. (AC +4)
You are immune to poison.
You resist negative energy. (rN+)
You are resistant to electric shocks. (rElec)
You are resistant to unholy torment.
You are immune to petrification.


   Skills:
 - Level 3.1 Fighting
 + Level 5.7 Ranged Weapons
 - Level 1.0 Armour
 - Level 1.5 Dodging
 - Level 1.1 Stealth


You had 4 spell levels left.
You didn't know any spells.
Your spell library was empty.

Inventory:

Hand Weapons
 Y - a +0 shortbow (weapon)
Armour
 d - a +0 ring mail (worn)
Potions
 f - a potion of lignification {unknown}

Dungeon Overview and Level Annotations

Branches:
Dungeon (3/15)

Altars:
Xom


Message History

Ouch! That really hurt!
The jelly hits you. The acid corrodes you!
You are splashed with acid!
1727 ||| DRINKING 2 potions of heal wounds.
You feel much better.
The orc priest invokes the aid of Beogh against you.
Beogh smites you! The jelly closely misses you.
You shoot an arrow.
The arrow hits the jelly but does no damage.
The jelly is severely wounded.
The jelly hits you but does no damage.
You shoot an arrow.
The arrow hits the jelly but does no damage.
The jelly is severely wounded.
The jelly hits you but does no damage.
You shoot an arrow. The arrow hits the jelly!
You kill the jelly!
You have reached level 5!
You shoot an arrow. The arrow barely misses the orc.
The arrow hits the orc but does no damage.
You shoot an arrow. The arrow barely misses the orc.
The arrow hits the orc.
You kill the orc!
The orc closely misses you.
You shoot an arrow.
The arrow hits the orc but does no damage.
An orc comes into view. It is wielding a +0 short sword.
The orc hits you with a +0 war axe.
1734 ||| DRINKING potion of heal wounds.
You feel much better. The orc hits you with a +0 war axe!
You shoot an arrow. The orc shouts!
The arrow hits the orc but does no damage.
You hear a shout!
The orc priest calls down the wrath of Beogh upon you.
Beogh smites you! The orc hits you with a +0 war axe.
You shoot an arrow.
The arrow hits the orc but does no damage.
The orc priest mumbles some strange prayers to Beogh against you.
Beogh smites you!
You die...

..# #.# #.#
#.# #.# #.#
#.# # #.#
o..## #@#
#J...#o#
#.oo#
##.........
##.#####.#
... ###


You could see an orc priest and 2 orcs.

Vanquished Creatures
  A jelly (D:5)
  Ijyb (D:5)
  2 adders (D:2)
  3 worms
  A dart slug (D:2)
  5 orcs
  8 endoplasms
  A giant cockroach (D:2)
  3 goblins
  3 hobgoblins
  3 kobolds
  3 quokkas
  3 ball pythons
  4 bats
  A frilled lizard (D:2)
  7 rats
49 creatures vanquished.

Notes
Turn   | Place    | Note
-------+----------+-------------------------------------------
     0 | D:1      | qw the Gargoyle Hunter began the quest for the Orb.
     0 | D:1      | Reached XP level 1. HP: 12/12 MP: 1/1
     0 | D:1      | 0 ||| qw: Version: 0.3-a-76-g4403597
     0 | D:1      | 0 ||| qw: Game counter: 212
     0 | D:1      | 0 ||| qw: Melee chars always use a shield: true
     0 | D:1      | 0 ||| qw: God list: Okawaru
     0 | D:1      | 0 ||| qw: Allow faded altars: false
     0 | D:1      | 0 ||| qw: Do Orc after clearing Dungeon:15 true
     0 | D:1      | 0 ||| qw: Do second Lair branch before Depths: true
     0 | D:1      | 0 ||| qw: Lair rune preference: random
     0 | D:1      | 0 ||| qw: Goals: Normal
     0 | D:1      | 0 ||| PLANNING D:1-11
    57 | D:1      | 57 ||| DROPPING scroll of butterflies.
   164 | D:1      | Reached XP level 2. HP: 17/17 MP: 2/2
   731 | D:1      | 731 ||| UPGRADING to +0 ring mail.
   741 | D:1      | 741 ||| DROPPING +0 leather armour.
   742 | D:1      | 742 ||| READING scroll labelled BOCHOSAMP.
   743 | D:1      | 743 ||| DRINKING 4 smoky yellow potions.
   744 | D:1      | 744 ||| DRINKING 2 sedimented black potions.
   745 | D:1      | 745 ||| DROPPING potion of magic.
   796 | D:2      | 796 ||| STAIRDANCE
   910 | D:2      | Reached skill level 1 in Armour
   910 | D:2      | Reached XP level 3. HP: 21/21 MP: 3/3
  1020 | D:2      | Reached skill level 5 in Ranged Weapons
  1262 | D:2      | Reached XP level 4. HP: 27/27 MP: 4/4
  1375 | D:2      | Reached skill level 3 in Fighting
  1377 | D:2      | Found a shimmering altar of Xom.
  1637 | D:2      | 1637 ||| DROPPING ring of flight.
  1638 | D:2      | 1638 ||| READING 2 scrolls labelled UNKUN ZUCKEANA.
  1639 | D:2      | 1639 ||| READING scroll labelled ZIM GOESIDU.
  1640 | D:2      | 1640 ||| READING scroll labelled ZOUGOV FUIZAYF.
  1641 | D:2      | 1641 ||| DROPPING scroll of vulnerability.
  1699 | D:3      | You fall into a shaft and drop 2 floors!
  1699 | D:5      | Entered Level 5 of the Dungeon
  1702 | D:5      | Noticed Ijyb
  1704 | D:5      | 1704 ||| RETREATING.
  1710 | D:5      | 1710 ||| Stepping ~*~*~tactically~*~*~ (retreating).
  1717 | D:5      | HP: 6/28 [Ijyb/puff of flame (6)]
  1718 | D:5      | 1718 ||| DRINKING 3 potions of heal wounds.
  1724 | D:5      | Killed Ijyb
  1726 | D:5      | HP: 1/28 [acid (7)]
  1727 | D:5      | 1727 ||| DRINKING 2 potions of heal wounds.
  1731 | D:5      | Reached XP level 5. HP: 12/32 MP: 5/5
  1733 | D:5      | HP: 7/32 [orc/+0 war axe (6)]
  1734 | D:5      | 1734 ||| DRINKING potion of heal wounds.
  1735 | D:5      | HP: 3/32 [orc priest/divine providence (10)]
  1736 | D:5      | Killed from afar by an orc priest

Levels and vault maps discovered:
D:1:      onia_arrival_mini_maze, layout_loops_ring
D:2:      layout_basic, basic_altar
D:3:      layout_basic, mainiacjoe_overflow_cross_hatched,
          mainiacjoe_overflow_tiny_flanked, st_stairs_4, uniq_natasha
D:5:      layout_basic, mainiacjoe_overflow_concentric_impassable,
          minmay_misc_feat_tower, uniq_ijyb

Skill      XL: |  1  2  3  4 |
---------------+-------------+-----
Armour         | 1 |  1.0
Ranged Weapons | 5 |  5.7
Fighting       | 3 |  3.1
Dodging        | |  1.5
Stealth        | |  1.1

Action                     |  1- 3 |  4- 6 || total
---------------------------+-------+-------++-------
   Fire: Shortbow          |   145 |    55 ||   200
    Use: Potion            |     2 |     3 ||     5
         Scroll            |     1 |     3 ||     4
 Armour: Leather armour    |    24 |       ||    24
         Ring mail         |    22 |    28 ||    50
  Dodge: Dodged            |    42 |    15 ||    57

Table legend:
 A = Non-vault XP
 B = Vault XP
 C = Vault XP percentage of total XP
 D = Non-vault monster count
 E = Vault monster count
 F = Vault count percentage of total count
                 A         B        C        D         E       F
            +---------+---------+-------+---------+---------+-------
      Total |     154 |      37 |  19.4 |      47 |       2 |   4.1
            +---------+---------+-------+---------+---------+-------
        D:1 |      29 |       1 |   3.3 |      16 |       1 |   5.9
        D:2 |      82 |       0 |   0.0 |      29 |       0 |   0.0
        D:5 |      43 |      36 |  45.6 |       2 |       1 |  33.3
            +---------+---------+-------+---------+---------+-------
